TOP OF THE 1ST |
Miami (APP) Marlins batting - Pitching for Missoula Osprey : RHP Dan Thompson
|
Pitching: RHP Dan Thompson
|
|
Batting: RHB Adrian Bocker
|
0-0: Ground out 6-3 (Groundball, 56, EV 103.8 MPH)
|
Batting: RHB Jason Thrash
|
0-0: Ground out 6-3 (Groundball, 4MS, EV 77.5 MPH)
|
Batting: RHB Mario Cota
|
0-0: Foul Ball, location: 2F 0-1: Ball 1-1: Ball 2-1: Ball 3-1: Foul Ball, location: 2F 3-2: Ground out 6-3 (Groundball, 6, EV 101.9 MPH)
|
Top of the 1st over - 0 runs, 0 hits, 0 errors, 0 left on base; Miami (APP) 0 - Missoula 0 |
BOTTOM OF THE 1ST |
Missoula Osprey batting - Pitching for Miami (APP) Marlins : LHP Gavrilo Brkic
|
Pitching: LHP Gavrilo Brkic
|
|
Batting: SHB Blaine Peters
|
0-0: Reached on error, E5 (Groundball, 56S, EV 83.8 MPH)
|
Batting: RHB Ernesto Zamora
|
0-0: Called Strike 0-1: Ball 1-1: SINGLE (Line Drive, 6MD, EV 94.4 MPH) Blaine Peters to second
|
Batting: SHB Evan Armagost
|
0-0: Ball 1-0: Called Strike Blaine Peters steals 3rd base Ernesto Zamora to second 1-1: Called Strike 1-2: Ball 2-2: Ball 3-2: Strikes out swinging
|
Batting: RHB Chad Mendoza
|
0-0: Foul Ball, location: 2F 0-1: Swinging Strike 0-2: Ball 1-2: Ball 2-2: Foul Ball, location: 2F 2-2: Ball 3-2: Strikes out looking
|
Batting: LHB Enrique Ponce
|
0-0: Ball 1-0: Ball 2-0: Fly out, F4 (Popup, 4MD, EV 75.0 MPH)
|
Bottom of the 1st over - 0 runs, 1 hit, 1 error, 2 left on base; Miami (APP) 0 - Missoula 0 |
TOP OF THE 2ND |
Miami (APP) Marlins batting - Pitching for Missoula Osprey : RHP Dan Thompson
|
Batting: SHB Matt Moore
|
0-0: Called Strike 0-1: Ground out U3 (Groundball, 34, EV 85.6 MPH)
|
Batting: RHB Keith Bennett
|
0-0: Ground out 1-3 (Groundball, 15, EV 66.9 MPH)
|
Batting: RHB Rick Knoblauch
|
0-0: Called Strike 0-1: Fly out, F9 (Flyball, 9D, EV 98.1 MPH)
|
Top of the 2nd over - 0 runs, 0 hits, 0 errors, 0 left on base; Miami (APP) 0 - Missoula 0 |
BOTTOM OF THE 2ND |
Missoula Osprey batting - Pitching for Miami (APP) Marlins : LHP Gavrilo Brkic
|
Pitching: RHP Matt Alexander
|
|
Batting: LHB Jeff Harmon
|
0-0: Ball 1-0: Swinging Strike 1-1: Ball 2-1: DOUBLE (Flyball, 89D, EV 104.4 MPH)
|
Batting: RHB Sergio Manzanero
|
0-0: Called Strike 0-1: Swinging Strike 0-2: Ball 1-2: Strikes out swinging
|
Batting: SHB Lee Dillon
|
0-0: SINGLE (Line Drive, 78S, EV 108.8 MPH) Jeff Harmon to third
|
Batting: LHB Tae-geun Kwang
|
0-0: Foul Ball, location: 2F 0-1: Ball 1-1: SINGLE (Line Drive, 8LM, EV 90.6 MPH) Jeff Harmon scores Lee Dillon to second
|
Batting: SHB Blaine Peters
|
0-0: Swinging Strike 0-1: Ball 1-1: SINGLE (Line Drive, 34D, EV 98.1 MPH) Lee Dillon to third Tae-geun Kwang to second Runner from 3rd tries for Home, SAFE, throw by RF to home
|
Batting: RHB Ernesto Zamora
|
0-0: Ball 1-0: Fly out, F7 (Flyball, BS3, EV 108.1 MPH)
|
Batting: SHB Evan Armagost
|
0-0: Called Strike 0-1: Called Strike 0-2: Ball 1-2: Ball 2-2: Ball 3-2: Base on Balls Tae-geun Kwang to third Blaine Peters to second
|
Pitching: LHP Tyler Murders
|
|
Batting: RHB Chad Mendoza
|
0-0: Ball 1-0: SINGLE (Line Drive, 7S, EV 108.1 MPH) Tae-geun Kwang scores Blaine Peters to third Evan Armagost to second Runner from 3rd tries for Home, SAFE, throw by LF to home
|
Batting: LHB Enrique Ponce
|
0-0: Fly out, F9 (Flyball, 9LS, EV 95.0 MPH)
|
Bottom of the 2nd over - 4 runs, 5 hits, 0 errors, 2 left on base; Miami (APP) 0 - Missoula 4 |
TOP OF THE 3RD |
Miami (APP) Marlins batting - Pitching for Missoula Osprey : RHP Dan Thompson
|
Batting: SHB Mike Wasson
|
0-0: Ball 1-0: Ground out 4-3 (Groundball, 4, EV 80.0 MPH)
|
Batting: LHB Melvin Castro
|
0-0: Ball 1-0: Ball 2-0: SINGLE (Flyball, 78S, EV 95.6 MPH)
|
Batting: LHB Bryan Wedge
|
0-0: Ball 1-0: Bunt missed! 1-1: Ball 2-1: Ball 3-1: Bunted foul 3-2: Bunted foul, Strikeout!
|
Batting: RHB Adrian Bocker
|
0-0: Foul Ball, location: 2F 0-1: Ball 1-1: Called Strike 1-2: Fielders Choice at 2nd, 6-4 (Groundball, 6, EV 86.9 MPH)
|
Top of the 3rd over - 0 runs, 1 hit, 0 errors, 1 left on base; Miami (APP) 0 - Missoula 4 |
BOTTOM OF THE 3RD |
Missoula Osprey batting - Pitching for Miami (APP) Marlins : LHP Tyler Murders
|
Batting: LHB Jeff Harmon
|
0-0: Ball 1-0: Ball 2-0: Ball 3-0: Called Strike 3-1: Base on Balls
|
Batting: RHB Sergio Manzanero
|
0-0: Called Strike 0-1: Ball 1-1: Called Strike 1-2: Foul Ball, location: 2F 1-2: Ball 2-2: Ball 3-2: Base on Balls Jeff Harmon to second
|
Batting: SHB Lee Dillon
|
0-0: Ball 1-0: Ball 2-0: Ball 3-0: Called Strike 3-1: Base on Balls Jeff Harmon to third Sergio Manzanero to second
|
Batting: LHB Tae-geun Kwang
|
0-0: Ball 1-0: Ball 2-0: Ball 3-0: Base on Balls Jeff Harmon scores Sergio Manzanero to third Lee Dillon to second
|
Batting: SHB Blaine Peters
|
0-0: Called Strike 0-1: Fly out, F8 (Flyball, 8LD, EV 87.5 MPH) Runner from 3rd tags up, SCORES, throw by CF
|
Batting: RHB Ernesto Zamora
|
0-0: Swinging Strike 0-1: Foul Ball, location: 2F 0-2: Ball 1-2: Ball 2-2: Foul Ball, location: 2F 2-2: Foul Ball, location: 2F 2-2: Ball 3-2: Base on Balls Lee Dillon to third Tae-geun Kwang to second
|
Batting: SHB Evan Armagost
|
0-0: Ball 1-0: Foul Ball, location: 2F 1-1: Fielders Choice at 2nd, 5-4 (Groundball, 56, EV 86.9 MPH) Lee Dillon scores Tae-geun Kwang to third
|
Batting: RHB Chad Mendoza
|
0-0: Ball 1-0: Ball 2-0: SINGLE (Groundball, 4MD, EV 95.6 MPH) Tae-geun Kwang scores Evan Armagost to second
|
Batting: LHB Enrique Ponce
|
0-0: Called Strike 0-1: Swinging Strike 0-2: Foul Ball, location: 2F 0-2: Foul Ball, location: 2F 0-2: Foul Ball, location: 2F 0-2: 3-RUN HOME RUN (Flyball, 9D, EV 94.4 MPH), Distance : 360 ft
|
Pitching: RHP Adam Brown
|
|
Batting: LHB Jeff Harmon
|
0-0: Ball 1-0: Ball 2-0: Ball 3-0: Called Strike 3-1: Foul Ball, location: 2F 3-2: SINGLE (Groundball, 4MD, EV 101.2 MPH)
|
Batting: RHB Sergio Manzanero
|
0-0: Ball 1-0: Ball 2-0: Ball 3-0: Foul Ball, location: 2F 3-1: Swinging Strike 3-2: Ground out U3 (Groundball, 13, EV 77.5 MPH)
|
Bottom of the 3rd over - 7 runs, 3 hits, 0 errors, 1 left on base; Miami (APP) 0 - Missoula 11 |
TOP OF THE 4TH |
Miami (APP) Marlins batting - Pitching for Missoula Osprey : RHP Dan Thompson
|
Batting: RHB Jason Thrash
|
0-0: Called Strike 0-1: Fly out, F8 (Flyball, 8RD, EV 96.9 MPH)
|
Batting: RHB Mario Cota
|
0-0: Ball 1-0: SINGLE (Line Drive, 89S, EV 108.8 MPH)
|
Batting: SHB Matt Moore
|
0-0: Called Strike 0-1: Foul Ball, location: 2F 0-2: Ball 1-2: Fly out, F8 (Flyball, 89S, EV 90.0 MPH)
|
Batting: RHB Keith Bennett
|
0-0: Foul Ball, location: 2F 0-1: Ball 1-1: Ball 2-1: Swinging Strike 2-2: Strikes out looking
|
Top of the 4th over - 0 runs, 1 hit, 0 errors, 1 left on base; Miami (APP) 0 - Missoula 11 |
BOTTOM OF THE 4TH |
Missoula Osprey batting - Pitching for Miami (APP) Marlins : RHP Adam Brown
|
Batting: SHB Lee Dillon
|
0-0: Called Strike 0-1: Ball 1-1: Called Strike 1-2: Ball 2-2: Ball 3-2: Base on Balls
|
Pitching: RHP Jeremy Akande
|
|
Batting: LHB Tae-geun Kwang
|
0-0: Ball 1-0: DOUBLE (Groundball, 3L, EV 98.1 MPH) Lee Dillon to third Runner from 3rd tries for Home, SAFE, no throw by RF
|
Batting: SHB Blaine Peters
|
0-0: DOUBLE (Line Drive, 89D, EV 100.6 MPH) Tae-geun Kwang scores
|
Batting: RHB Ernesto Zamora
|
0-0: Ball 1-0: DOUBLE (Line Drive, 78D, EV 103.8 MPH) Blaine Peters scores
|
Batting: SHB Evan Armagost
|
0-0: Ball 1-0: Ball 2-0: Ball 3-0: Called Strike 3-1: Base on Balls
|
Batting: RHB Chad Mendoza
|
0-0: Ball 1-0: Ball 2-0: SINGLE (Groundball, 6MD, EV 110.0 MPH) Ernesto Zamora to third Evan Armagost to second
|
Batting: LHB Enrique Ponce
|
0-0: Ball 1-0: Foul Ball, location: 2F 1-1: Foul Ball, location: 2F 1-2: Ball 2-2: Ball 3-2: SINGLE (Groundball, 4MD, EV 96.9 MPH) Ernesto Zamora scores Evan Armagost to third Chad Mendoza to second
|
Batting: LHB Jeff Harmon
|
0-0: Swinging Strike 0-1: Ball 1-1: Ball 2-1: Called Strike 2-2: Ball 3-2: Fly out, F8 (Flyball, 78M, EV 81.9 MPH)
|
Batting: RHB Sergio Manzanero
|
0-0: Swinging Strike 0-1: Foul Ball, location: 2F 0-2: Ball Wild Pitch! Evan Armagost scores Chad Mendoza to third Enrique Ponce to second 1-2: Ball 2-2: Ball 3-2: Base on Balls
|
Batting: SHB Lee Dillon
|
0-0: Called Strike 0-1: Ball 1-1: DOUBLE (Line Drive, 5D, EV 101.9 MPH) Chad Mendoza scores Enrique Ponce scores Sergio Manzanero to third
|
Batting: LHB Tae-geun Kwang
|
0-0: Ball 1-0: Foul Ball, location: 2F 1-1: Swinging Strike 1-2: Strikes out swinging
|
Batting: SHB Blaine Peters
|
0-0: SINGLE (Groundball, 6M, EV 105.0 MPH) Sergio Manzanero scores Lee Dillon to third Runner from 3rd tries for Home, SAFE, throw by CF to home Blaine Peters to second
|
Batting: RHB Ernesto Zamora
|
0-0: Ball Wild Pitch! Blaine Peters to third 1-0: Ball 2-0: Ball 3-0: Base on Balls
|
Batting: SHB Evan Armagost
|
0-0: Ball 1-0: Ball 2-0: Called Strike 2-1: Ball Wild Pitch! Blaine Peters scores Ernesto Zamora to second 3-1: Foul Ball, location: 2F 3-2: Base on Balls
|
Batting: RHB Chad Mendoza
|
0-0: SINGLE (Groundball, 4D, EV 103.8 MPH) Ernesto Zamora to third Evan Armagost to second Runner from 3rd tries for Home, throw by CF and OUT! 8-2
|
Bottom of the 4th over - 10 runs, 8 hits, 0 errors, 2 left on base; Miami (APP) 0 - Missoula 21 |
TOP OF THE 5TH |
Miami (APP) Marlins batting - Pitching for Missoula Osprey : RHP Dan Thompson
|
Batting: RHB Rick Knoblauch
|
0-0: Ground out 4-3 (Groundball, 4, EV 94.4 MPH)
|
Batting: SHB Mike Wasson
|
0-0: Ball 1-0: Swinging Strike 1-1: Ball 2-1: Called Strike 2-2: Ball 3-2: Strikes out looking
|
Pitching: RHP Jason Hammons
|
|
Batting: LHB Melvin Castro
|
0-0: Ball 1-0: Called Strike 1-1: Ball 2-1: Called Strike 2-2: Strikes out swinging
|
Top of the 5th over - 0 runs, 0 hits, 0 errors, 0 left on base; Miami (APP) 0 - Missoula 21 |
BOTTOM OF THE 5TH |
Missoula Osprey batting - Pitching for Miami (APP) Marlins : RHP Jeremy Akande
|
Batting: LHB Enrique Ponce
|
0-0: Ball 1-0: Ball 2-0: Ball 3-0: Base on Balls
|
Batting: LHB Jeff Harmon
|
0-0: Ball 1-0: Foul Ball, location: 2F 1-1: SINGLE (Line Drive, 8RS, EV 111.9 MPH) Enrique Ponce to second
|
Batting: RHB Sergio Manzanero
|
0-0: Foul Ball, location: 2F 0-1: Fly out, F7 (Flyball, 7, EV 89.4 MPH)
|
Batting: SHB Lee Dillon
|
0-0: Ball 1-0: Ball Wild Pitch! Enrique Ponce to third Jeff Harmon to second 2-0: Ball 3-0: Base on Balls
|
Batting: LHB Tae-geun Kwang
|
0-0: Ball 1-0: Called Strike 1-1: Fly out, F9 (Flyball, 9LD, EV 81.9 MPH) Runner from 3rd tags up, SCORES, throw by RF Jeff Harmon to third
|
Batting: SHB Blaine Peters
|
0-0: Called Strike 0-1: DOUBLE (Line Drive, 78D, EV 104.4 MPH) Jeff Harmon scores Lee Dillon to third Runner from 3rd tries for Home, SAFE, no throw by LF
|
Batting: RHB Ernesto Zamora
|
0-0: Called Strike 0-1: Ball 1-1: Foul Ball, location: 2F 1-2: Ball 2-2: Foul Ball, location: 2F 2-2: Ball 3-2: Base on Balls
|
Batting: SHB Evan Armagost
|
0-0: Ball 1-0: Ball 2-0: Ball 3-0: Called Strike 3-1: Foul Ball, location: 2F 3-2: Foul Ball, location: 2F 3-2: Foul Ball, location: 2F 3-2: Base on Balls Blaine Peters to third Ernesto Zamora to second
|
Batting: RHB Chad Mendoza
|
0-0: GRAND SLAM HOME RUN (Flyball, 8RXD, EV 116.9 MPH), Distance : 466 ft
|
Batting: LHB Enrique Ponce
|
0-0: Called Strike 0-1: Ball 1-1: Ball 2-1: Foul Ball, location: 2F 2-2: Strikes out swinging
|
Bottom of the 5th over - 7 runs, 3 hits, 0 errors, 0 left on base; Miami (APP) 0 - Missoula 28 |
TOP OF THE 6TH |
Miami (APP) Marlins batting - Pitching for Missoula Osprey : RHP Jason Hammons
|
Batting: LHB Bryan Wedge
|
0-0: Called Strike 0-1: Foul Ball, location: 2F 0-2: Strikes out swinging
|
Batting: RHB Adrian Bocker
|
0-0: Foul Ball, location: 2F 0-1: Called Strike 0-2: Ball 1-2: Foul Ball, location: 2F 1-2: Foul Ball, location: 2F 1-2: Foul Ball, location: 2F 1-2: Strikes out looking
|
Batting: RHB Jason Thrash
|
0-0: Called Strike 0-1: Ball 1-1: Foul Ball, location: 2F 1-2: Ball 2-2: Strikes out looking
|
Top of the 6th over - 0 runs, 0 hits, 0 errors, 0 left on base; Miami (APP) 0 - Missoula 28 |
BOTTOM OF THE 6TH |
Missoula Osprey batting - Pitching for Miami (APP) Marlins : RHP Jeremy Akande
|
Batting: LHB Jeff Harmon
|
0-0: Ball 1-0: Foul Ball, location: 2F 1-1: Ground out 6-3 (Groundball, 56, EV 87.5 MPH)
|
Batting: RHB Sergio Manzanero
|
0-0: Ball 1-0: SINGLE (Groundball, 4M, EV 105.0 MPH)
|
Batting: SHB Lee Dillon
|
0-0: Fly out, F8 (Flyball, 8RM, EV 83.8 MPH)
|
Batting: LHB Tae-geun Kwang
|
0-0: DOUBLE (Line Drive, 89M, EV 105.6 MPH) Sergio Manzanero to third Runner from 3rd tries for Home, SAFE, no throw by RF
|
Batting: SHB Blaine Peters
|
0-0: SINGLE (Groundball, 4MS, EV 95.6 MPH) Tae-geun Kwang to third
|
Batting: RHB Ernesto Zamora
|
0-0: Ground out 1-3 (Groundball, 13S, EV 68.1 MPH)
|
Bottom of the 6th over - 1 run, 3 hits, 0 errors, 2 left on base; Miami (APP) 0 - Missoula 29 |
TOP OF THE 7TH |
Miami (APP) Marlins batting - Pitching for Missoula Osprey : RHP Jason Hammons
|
Batting: RHB Mario Cota
|
0-0: Called Strike 0-1: Ball 1-1: Swinging Strike 1-2: Ball 2-2: Ball 3-2: Strikes out swinging
|
Batting: SHB Matt Moore
|
0-0: Ball 1-0: SINGLE (Line Drive, 4MD, EV 95.0 MPH)
|
Batting: RHB Keith Bennett
|
0-0: Swinging Strike 0-1: Foul Ball, location: 2F 0-2: Strikes out swinging
|
Batting: RHB Rick Knoblauch
|
0-0: Foul Ball, location: 2F 0-1: Fielders Choice at 2nd, 6-4 (Groundball, 6, EV 97.5 MPH)
|
Top of the 7th over - 0 runs, 1 hit, 0 errors, 1 left on base; Miami (APP) 0 - Missoula 29 |
BOTTOM OF THE 7TH |
Missoula Osprey batting - Pitching for Miami (APP) Marlins : RHP Jeremy Akande
|
Batting: SHB Evan Armagost
|
0-0: Ball 1-0: Foul Ball, location: 2F 1-1: Swinging Strike 1-2: Strikes out swinging
|
Pinch Hitting: RHB Hyeok Shon
|
0-0: Ball 1-0: Ground out U3 (Groundball, 34S, EV 78.1 MPH)
|
Batting: LHB Enrique Ponce
|
0-0: Ball 1-0: Ball 2-0: Ball 3-0: Base on Balls
|
Batting: LHB Jeff Harmon
|
0-0: Foul Ball, location: 2F 0-1: 2-RUN HOME RUN (Line Drive, 9D, EV 98.1 MPH), Distance : 358 ft
|
Batting: RHB Sergio Manzanero
|
0-0: Ball 1-0: Foul Ball, location: 2F 1-1: Ball 2-1: Ball 3-1: Base on Balls
|
Batting: SHB Lee Dillon
|
0-0: Ball 1-0: Ball 2-0: Ball 3-0: Base on Balls Sergio Manzanero to second
|
Batting: LHB Tae-geun Kwang
|
0-0: Ball 1-0: Fly out, F8 (Flyball, 8RS, EV 83.8 MPH)
|
Bottom of the 7th over - 2 runs, 1 hit, 0 errors, 2 left on base; Miami (APP) 0 - Missoula 31 |
TOP OF THE 8TH |
Miami (APP) Marlins batting - Pitching for Missoula Osprey : RHP Jason Hammons
|
Now at 1B: Dillon Rizzuto
|
|
Batting: SHB Mike Wasson
|
0-0: Foul Ball, location: 2F 0-1: Foul Ball, location: 2F 0-2: Foul Ball, location: 2F 0-2: Strikes out swinging
|
Pitching: LHP Heath Henderson
|
|
Batting: LHB Melvin Castro
|
0-0: Swinging Strike 0-1: Called Strike 0-2: Foul Ball, location: 2F 0-2: Ball 1-2: Foul Ball, location: 2F 1-2: Ball 2-2: Strikes out swinging
|
Batting: LHB Bryan Wedge
|
0-0: Called Strike 0-1: Ball 1-1: Ball 2-1: Called Strike 2-2: Strikes out swinging
|
Top of the 8th over - 0 runs, 0 hits, 0 errors, 0 left on base; Miami (APP) 0 - Missoula 31 |
BOTTOM OF THE 8TH |
Missoula Osprey batting - Pitching for Miami (APP) Marlins : RHP Jeremy Akande
|
Batting: SHB Blaine Peters
|
0-0: Ball 1-0: Called Strike 1-1: Foul Ball, location: 2F 1-2: Ball 2-2: Ball 3-2: Base on Balls
|
Batting: RHB Ernesto Zamora
|
0-0: Reached on error, E4 (Groundball, 4, EV 98.8 MPH) Blaine Peters to second
|
Batting: SHB Evan Armagost
|
0-0: Foul Ball, location: 2F 0-1: Swinging Strike 0-2: Ball 1-2: Foul Ball, location: 2F 1-2: Ball 2-2: Ball 3-2: Foul Ball, location: 2F 3-2: Base on Balls Blaine Peters to third Ernesto Zamora to second
|
Batting: LHB Dillon Rizzuto
|
0-0: Called Strike 0-1: Fly out, F8 (Flyball, 8LD, EV 99.4 MPH) Runner from 3rd tags up, SCORES, no throw by CF
|
Batting: LHB Enrique Ponce
|
0-0: Foul Ball, location: 2F 0-1: Ball 1-1: Foul Ball, location: 2F 1-2: Ball 2-2: Fly out, F7 (Flyball, 7S, EV 78.8 MPH)
|
Batting: LHB Jeff Harmon
|
0-0: Fly out, F7 (Flyball, 78XD, EV 83.8 MPH)
|
Bottom of the 8th over - 1 run, 0 hits, 1 error, 2 left on base; Miami (APP) 0 - Missoula 32 |
TOP OF THE 9TH |
Miami (APP) Marlins batting - Pitching for Missoula Osprey : LHP Heath Henderson
|
Batting: RHB Adrian Bocker
|
0-0: Ground out 6-3 (Groundball, 6, EV 83.8 MPH)
|
Batting: RHB Jason Thrash
|
0-0: Ball 1-0: SINGLE (Groundball, 6D, EV 100.0 MPH)
|
Batting: RHB Mario Cota
|
0-0: Called Strike 0-1: Foul Ball, location: 2F 0-2: Foul Ball, location: 2F 0-2: Grounds into double play, 2-4-3 (Groundball, 2L, EV 61.9 MPH)
|
Top of the 9th over - 0 runs, 1 hit, 0 errors, 0 left on base; Miami (APP) 0 - Missoula 32 |
|